 Dungeon Crawl Stone Soup version 0.24.0-2-g5b39cebb1c (webtiles) character file.

Game seed: 11364442175538829417, levelgen mode: deterministic

121 ventricule the Ruffian (level 4, -6/42 HPs)
             Began as a Troll Transmuter on Oct 31, 2019.
             Killed by nerve-wracking pain
             ... invoked by Grinder
              (9 damage)
             ... while paralysed by Grinder
             ... on level 3 of the Dungeon.
             The game lasted 00:02:16 (1642 turns).

ventricule the Ruffian (Troll Transmuter)           Turns: 1642, Time: 00:02:16

Health: -6/42      AC:  6    Str: 18    XL:     4   Next: 77%
Magic:  4/4        EV:  1    Int:  9    God:
Gold:   78         SH:  0    Dex: 11    Spells: 4/5 levels left

rFire    . . .     SeeInvis .     - Unarmed
rCold    . . .     Gourm    +   (no shield)
rNeg     . . .     Faith    .   b - +0 robe
rPois    .         Spirit   .   (helmet restricted)
rElec    .         Reflect  .   (no cloak)
rCorr    .         Harm     .   (gloves unavailable)
MR       .....                  (boots unavailable)
Stlth    +.........             (no amulet)
HPRegen  0.54/turn              (no ring)
MPRegen  0.09/turn              (no ring)

@: paralysed, heavily drained
A: large, unfitting armour, claws 3, fast metabolism 3, gourmand, regeneration
1, shaggy fur 1, tough skin 3
a: no special abilities


You were on level 3 of the Dungeon.
You were completely stuffed.

You visited 1 branch of the dungeon, and saw 3 of its levels.

You collected 78 gold pieces.

Inventory:

Missiles
 d - 51 arrows
 g - 2 boomerangs
 Q - 95 stones (quivered)
Armour
 b - a +0 robe (worn)
Jewellery
 k - a +2 ring of strength {unknown}
 n - a +3 ring of strength {unknown}
Scrolls
 i - 3 scrolls of identify
 j - a scroll of remove curse
Potions
 a - a potion of lignification {unknown}
 c - a potion of brilliance {unknown}
 f - 3 potions of invisibility {unknown}
 q - a potion of curing
Comestibles
 e - 8 rations
 h - 4 chunks of flesh


   Skills:
 + Level 2.1(0.6) Fighting
 + Level 2.7(1.1) Dodging
 + Level 4.0(2.4) Unarmed Combat
 - Level 1.2(0.0) Spellcasting
 - Level 1.3(0.0) Transmutations


You had 4 spell levels left.
You knew the following spells:

 Your Spells              Type           Power        Failure   Level  Hunger
a - Beastly Appendage     Tmut           #.....       38%         1    ##.....

Your spell library contained the following spells:

 Spells                   Type           Power        Failure   Level  Hunger
 Sticks to Snakes         Tmut           #.......     52%         2    ###....
 Spider Form              Tmut/Pois      #.........   77%         3    ####...
 Ice Form                 Ice/Tmut       #.......     99%         4    #####..
 Blade Hands              Tmut           #.........   100%        5    ######.


Dungeon Overview and Level Annotations

Branches:
Dungeon (3/15)

Altars:
Kikubaaqudgha
Makhleb

Annotations:
D:3 2 transporters, Grinder


Innate Abilities, Weirdness & Mutations

You are too large for most types of armour.
You have claws for hands.
Your metabolism is lightning-fast.
You like to eat raw meat.
Your natural rate of healing is unusually fast.
You are covered in fur. (AC +1)
You have extremely tough skin. (AC +3)


Message History

You barely miss Grinder. Grinder gestures at you.
Pain shoots through your body!
* * * LOW HITPOINT WARNING * * *
You take 12 damage, and have 22/42 hp.
MASSIVE DAMAGE!!
You claw Grinder! Grinder gestures at you.
You suddenly lose the ability to move!
Grinder gestures at you.
You shrug off the repeated paralysis!
Grinder hits you!
* * * LOW HITPOINT WARNING * * *
Grinder hits you.
* * * LOW HITPOINT WARNING * * *
You writhe in agony.
* * * LOW HITPOINT WARNING * * *
Grinder gestures at you. Pain shoots through your body!
You die...

#.........#O5.....
#######...##8b....
#....#######
##.......©..
###########)...o...
...........####....
...........###....5
...................
........@5.##....
...........# ...
..........?.... .
...........##...
.....[.....# ..
............ .
..$..######## .....


You could see Grinder and a bat.

Levels and vault maps discovered:
D:1:      minmay_arrival_pointy, layout_loops_corners, chequers_garden,
          minmay_misc_feat_rows
D:2:      layout_loops_cross, lemuel_doored_altar, overflow_temple_1_default,
          uniq_jessica
D:3:      layout_rooms, gammafunk_temple_overflow_arena,
          cheibrodos_sewer_entry_bend, first_ration, uniq_natasha, uniq_grinder

Notes
Turn   | Place    | Note
-------+----------+-------------------------------------------
     0 | D:1      | ventricule the Troll Transmuter began the quest for the
                  | Orb.
     0 | D:1      | Reached XP level 1. HP: 18/18 MP: 1/1
    63 | D:1      | Identified a +0 club
    96 | D:1      | Identified a +0 club
    97 | D:1      | Identified a +0 club
   102 | D:1      | Reached skill level 1 in Fighting
   176 | D:1      | Identified a +0 club
   181 | D:1      | Identified a +0 club
   184 | D:1      | Reached XP level 2. HP: 27/27 MP: 2/2
   223 | D:1      | Identified a +0 club
   263 | D:1      | Identified a +0 club
   299 | D:1      | Identified a +0 dagger
   305 | D:1      | Reached skill level 2 in Dodging
   858 | D:1      | Identified a +0 club
   864 | D:1      | Reached XP level 3. HP: 33/33 MP: 3/3
   971 | D:2      | Identified a +0 dagger
   996 | D:2      | Identified a +0 club
   996 | D:2      | Identified a +0 robe
  1070 | D:2      | Identified a +0 club
  1121 | D:2      | Found an ancient bone altar of Kikubaaqudgha.
  1310 | D:2      | Identified a +0 short sword
  1349 | D:2      | Found a burning altar of Makhleb.
  1378 | D:2      | Identified a +0 club
  1383 | D:2      | Identified a +0 club
  1484 | D:2      | Identified a +0 robe
  1484 | D:2      | Noticed Jessica
  1491 | D:2      | Killed Jessica
  1491 | D:2      | Reached XP level 4. HP: 40/42 MP: 4/4
  1591 | D:3      | Identified a +0 mace
  1591 | D:3      | Identified a +0 leather armour
  1591 | D:3      | Identified a +0 flail of crushing
  1591 | D:3      | Identified a +0 leather armour
  1591 | D:3      | Identified a +2 short sword of draining
  1593 | D:3      | Reached skill level 2 in Fighting
  1593 | D:3      | Identified a +0 mace
  1593 | D:3      | Identified a +0 mace
  1594 | D:3      | Identified 2 scrolls of remove curse
  1595 | D:3      | Identified 4 scrolls of identify
  1595 | D:3      | Identified a potion of curing
  1596 | D:3      | Identified a scroll of noise
  1598 | D:3      | Found a transporter.
  1601 | D:3      | Reached skill level 4 in Unarmed Combat
  1605 | D:3      | Found a transporter.
  1605 | D:3      | Identified a +0 giant club
  1605 | D:3      | Identified a +0 giant spiked club
  1605 | D:3      | Noticed a two-headed ogre
  1607 | D:3      | Noticed Grinder
  1632 | D:3      | Identified a +0 flail
  1632 | D:3      | Identified a +0 ring mail
  1638 | D:3      | Paralysed by Grinder for 7 turns
  1641 | D:3      | HP: 9/42 [Grinder (5)]
  1641 | D:3      | HP: 3/42 [Grinder (6)]
  1642 | D:3      | Killed from afar by Grinder

Table legend:
 A = Turns spent in this place as a percentage of turns spent in the entire game.
 B = Non-inter-level travel turns spent in this place as a percentage of non-inter-level travel turns spent in the entire game.
 C = Inter-level travel turns spent in this place as a percentage of turns spent in this place.
 D = Turns resting spent in this place as a percentage of non-inter-level travel turns spent in this place.
 E = Turns spent auto-exploring this place as a percentage of non-inter-level travel turns spent in this place.
 F = Non-inter-level travel turns spent in this place divided by the number of levels of this place that you've seen.
                   A       B       C       D       E      F
               +-------+-------+-------+-------+-------+----------------------
         Total | 100.0 | 100.0 |   3.3 |   0.0 |  80.2 | 529.3
       Dungeon | 100.0 | 100.0 |   3.3 |   0.0 |  80.2 | 529.3
               +-------+-------+-------+-------+-------+----------------------

Table legend:
 A = Kills in this place as a percentage of kills in entire the game.
 B = Kills by you in this place as a percentage of kills by you in the entire game.
 C = Kills by friends in this place as a percentage of kills by friends in the entire game.
 D = Other kills in this place as a percentage of other kills in the entire game.
 E = Experience gained in this place as a percentage of experience gained in the entire game.
 F = Experience gained in this place divided by the number of levels of this place that you have seen.
                   A       B       C       D       E      F
               +-------+-------+-------+-------+-------+----------------------
         Total | 100.0 | 100.0 |   N/A |   N/A | 100.0 |  58.0
       Dungeon | 100.0 | 100.0 |   N/A |   N/A | 100.0 |  58.0
               +-------+-------+-------+-------+-------+----------------------

Skill      XL: |  1  2  3  4 |
---------------+-------------+-----
Fighting       | 1 2 |  2.1
Dodging        | 2 |  2.7
Unarmed Combat | 4 |  4.0
Spellcasting   | |  1.2
Transmutations | |  1.3

Action                   |  1- 3 |  4- 6 || total
-------------------------+-------+-------++-------
Melee: Unarmed           |   121 |    29 ||   150
       Punch             |     2 |     1 ||     3
  Use: Scroll            |       |     3 ||     3
  Eat: Chunk             |    19 |     2 ||    21
Armor: Robe              |    45 |     9 ||    54
Dodge: Dodged            |    40 |     9 ||    49

Vanquished Creatures
  An orc priest (D:3)
  Jessica (D:2)
  3 worms (D:2)
  A dart slug (D:3)
  3 leopard geckos
  4 orcs (D:3)
  3 bats
  2 giant cockroaches (D:1)
  6 goblins
  7 hobgoblins
  5 kobolds
  A quokka (D:2)
  3 frilled lizards (D:2)
  A quokka skeleton (D:2)
  7 rats
48 creatures vanquished.
